 Dungeon Crawl Stone Soup version 0.28-a0-689-ga55568f2eb (webtiles) character file.

Game seed: 5030443383805233806

173 MirrMurr the Sneak (level 5, 0/24 HPs)
             Began as a Spriggan Enchanter on Oct 20, 2021.
             Succumbed to a scorpion's poison
             ... on level 3 of the Dungeon.
             The game lasted 00:10:52 (5190 turns).

MirrMurr the Sneak (Spriggan Enchanter)             Turns: 5190, Time: 00:10:53

Health: 0/24       AC:  2    Str:  5    XL:     5   Next: 28%
Magic:  8/10       EV: 17    Int: 16    God:
Gold:   94         SH:  0    Dex: 16    Spells: 4/9 levels left

rFire   + . .      SeeInvis +   a - +1 dagger
rCold   . . .      Faith    .   (shield restricted)
rNeg    . . .      Spirit   .   b - +0 robe
rPois   .          Reflect  .   (helmet restricted)
rElec   .          Harm     .   (no cloak)
rCorr   .          Rampage  .   (gloves unavailable)
Will    .....                   (boots unavailable)
Stlth   ++++......              (no amulet)
HPRegen 0.08/turn               o - ring of protection from fire
MPRegen 0.12/turn               (no ring)

@: lethally poisoned (0 -> -7), very quick
A: very small, no large weapons, unfitting armour, see invisible, speed 3
a: no special abilities


You were on level 3 of the Dungeon.
You visited 1 branch of the dungeon, and saw 4 of its levels.

You collected 94 gold pieces.

Inventory:

Hand Weapons
 a - a +1 dagger (weapon)
 l - a +0 hunting sling
 m - a +0 rapier
Missiles
 e - 83 stones (quivered)
 n - 11 poisoned darts
 q - 2 boomerangs
Armour
 b - a +0 robe (worn)
Jewellery
 o - a ring of protection from fire (left hand)
Scrolls
 f - a scroll of amnesia {unknown}
 g - 2 scrolls of identify {unknown}
 h - a scroll of teleportation {unknown}
 k - a scroll of blinking {unknown}
Potions
 c - a potion of invisibility
 d - a potion of curing {unknown}
 i - a potion of brilliance {unknown}
 j - 2 potions of magic {unknown}
 p - a potion of haste {unknown}


   Skills:
 + Level 4.1 Short Blades
 - Level 2.6 Dodging
 + Level 7.3 Stealth
 - Level 2.6 Spellcasting
 - Level 3.6 Hexes


You had 4 spell levels left.
You knew the following spells:

 Your Spells              Type           Power      Damage    Failure   Level
a - Ensorcelled Hibernat  Hex/Ice        14%        N/A       14%         2
b - Confusing Touch       Hex            13%        N/A       13%         3

Your spell library contained the following spells:

 Spells                   Type           Power      Damage    Failure   Level
 Tukima's Dance           Hex            13%        N/A       13%         3
 Static Discharge         Conj/Air       2%         N/A       28%         2
 Dazzling Flash           Conj/Hex       14%        N/A       28%         3
 Dispel Undead            Necr           2%         3d7       88%         4
 Sticky Flame             Conj/Fire      2%         2d3       88%         4


Dungeon Overview and Level Annotations

Branches:
Dungeon (4/15)
 Temple: D:4-7

Altars:

Annotations:
D:4 Edmund


Innate Abilities, Weirdness & Mutations

You are very small and have problems with some larger weapons.
You are too small for most types of armour.
You have supernaturally acute eyesight. (SInv)
You cover ground extremely quickly. (Speed+++)


Message History

Magic restored.
HP restored.
Things that are here:
a +0 chain mail; a +0 club
Things that are here:
a +0 scale mail; a +3 mace
There is an open door here.
There is a stone staircase leading down here.
You climb downwards.
Level annotation: Edmund
Found 12 gold pieces.
There is a stone staircase leading up here.
Found 11 gold pieces.
You hit the scorpion but do no damage. The scorpion stings you.
You are poisoned.
The scorpion poisons you!
You closely miss the scorpion.
You feel very sick. The scorpion stings you.
You are lethally poisoned!
The scorpion poisons you!
Casting: Confusing Touch (quite dangerous; 13% risk of failure)
Confirm with . or Enter, or press ? or * to list all spells.
Aiming: Ensorcelled Hibernation (safe; 14% risk of failure)
Press: ? - help, Shift-Dir - straight line, f - scorpion
Aim: a scorpion (chance to affect: 38%)
The scorpion resists with some effort.
You feel very sick. The scorpion completely misses you.
You feel sick.
You feel sick.
* * * LOW HITPOINT WARNING * * *
You feel sick.
* * * LOW HITPOINT WARNING * * *
You feel sick.
There is a stone staircase leading up here.
* * * LOW HITPOINT WARNING * * *
You feel sick.
You climb upwards.
You die...

####..........##'#.#.#.....#
.................#.#.#.###.#
.................#.#.#.#.#.#
.................#.#.#.#.#.#
#####............#.#.#.#.#.#
##..............#.#.#...#
#.)...........#.#.#.#.#.#
#.............#.#.#.#.#.#
#............@#.#.#.#.#.#
#....#######..###.#.#.#.#
#....#............#.#...#
####.##.#.########.###.#####
..#.###.#)#..........#.#
###...###.#..........#)#
###.....#..........#.#
#####.#####.......o....#
...####...#..........###


There were no monsters in sight!

Vanquished Creatures
  A scorpion (D:4)
  2 adders (D:2)
  An adder zombie (D:3)
  A worm (D:2)
  13 orcs
  7 endoplasms
  3 giant cockroaches
  5 goblins
  4 hobgoblins
  11 jackals
  2 quokkas
  3 ball pythons (D:3)
  4 bats
  4 frilled lizards
  4 kobolds (D:3)
  3 rats
68 creatures vanquished.

Notes
Turn   | Place    | Note
-------+----------+-------------------------------------------
     0 | D:1      | MirrMurr the Spriggan Enchanter began the quest for the
                  | Orb.
     0 | D:1      | Reached XP level 1. HP: 9/9 MP: 5/5
   240 | D:1      | Reached XP level 2. HP: 13/13 MP: 6/6
   243 | D:1      | Learned a level 2 spell: Ensorcelled Hibernation
   338 | D:1      | Found a faded altar of an unknown god.
   361 | D:1      | Reached skill level 5 in Stealth
  1289 | D:2      | Reached XP level 3. HP: 16/16 MP: 8/8
  1293 | D:2      | Learned a level 3 spell: Confusing Touch
  1684 | D:2      | Reached skill level 6 in Stealth
  2419 | D:3      | Reached XP level 4. HP: 21/21 MP: 6/9
  4926 | D:4      | Noticed Edmund
  4926 | D:4      | Noticed a scorpion
  4929 | D:4      | Killed a scorpion
  4930 | D:4      | Reached skill level 7 in Stealth
  4930 | D:4      | Reached XP level 5. HP: 24/24 MP: 10/10
  5190 | D:3      | Succumbed to a scorpion's poison

Illustrated notes

Levels and vault maps discovered:
D:1:      lightli_arrival_flooded_house, layout_loops_corners,
          shapermc_ecumenical_altar_mp_urbaneastern
D:2:      layout_basic
D:3:      layout_basic, serial_co_window_serial, co_window_corner_a,
          co_window_corner_a, co_window_corner_a, co_window_paths_a,
          co_window_paths_b, co_window_broadway_b, co_window_paths_c,
          co_window_corner_b, co_window_paths_e, minmay_vboxes
D:4:      layout_rooms, xom_confusion_cloud, mainiacjoe_overflow_alcove_1,
          gammafunk_ghost_grave, serial_bayou_ford_a, chequers_garden,
          uniq_edmund

Skill      XL: |  1  2  3  4 |
---------------+-------------+-----
Stealth        | 5 6 7 |  7.3
Short Blades   | 2 3 4 |  4.1
Dodging        | |  2.6
Spellcasting   | |  2.6
Hexes          | |  3.6

Action                   |  1- 3 |  4- 6 || total
-------------------------+-------+-------++-------
Melee: Dagger            |   141 |   160 ||   301
 Cast: Ensorcelled Hiber |    16 |    31 ||    47
       Confusing Touch   |       |     1 ||     1
 Stab: Sleeping          |    21 |    22 ||    43
Armor: Robe              |    22 |    26 ||    48
Dodge: Dodged            |    92 |   170 ||   262

Table legend: (Time is in decaauts)
 A = Elapsed time spent in this place.
 B = Non-inter-level travel time spent in this place.
 C = Inter-level travel time spent in this place.
 D = Time resting spent in this place.
 E = Time spent auto-exploring this place.
 F = Levels seen in this place.
 G = Mean time per level.
                   A        B        C        D        E       F      G
               +--------+--------+--------+--------+--------+-----+--------+
         Total |   4114 |   3968 |    146 |    191 |   3002 |   4 | 1028.5 |
       Dungeon |   4114 |   3968 |    146 |    191 |   3002 |   4 | 1028.5 |
               +--------+--------+--------+--------+--------+-----+--------+

Top non-repeatable levels by time:
     D:3: 1817 daAuts
     D:2: 1318 daAuts
     D:1: 954 daAuts
     D:4: 25 daAuts
